 Dungeon Crawl Stone Soup version 0.29.1-15-g9cfb28693d (webtiles) character file.

Game seed: 9557173491104259685

2 protoss039 the Sneak (level 1, 0/10 HPs)
             Began as a Tengu Enchanter on Mar 24, 2023.
             Slain by a goblin
             ... wielding a +0 club
              (4 damage)
             ... on level 1 of the Dungeon.
             The game lasted 00:00:21 (38 turns).

protoss039 the Sneak (Tengu Enchanter)                Turns: 38, Time: 00:00:22

Health: 0/10       AC:  2    Str:  8    XL:     1   Next: 40%
Magic:  4/4        EV: 12    Int: 15    God:
Gold:   7          SH:  0    Dex: 14    Spells: 4/4 levels left

rFire   . . .      SeeInvis .   a - +1 dagger
rCold   . . .      Faith    .   (no shield)
rNeg    . . .      Spirit   .   b - +0 robe
rPois   .          Reflect  .   (helmet restricted)
rElec   .          Harm     .   (no cloak)
rCorr   .          Rampage  .   (no gloves)
Will    .....                   (boots unavailable)
Stlth   ++........              (no amulet)
HPRegen 0.03/turn               (no ring)
MPRegen 0.09/turn               (no ring)

@: no status effects
A: beak, talons 3
a: no special abilities


You were on level 1 of the Dungeon.
You visited 1 branch of the dungeon, and saw 1 of its levels.

You collected 7 gold pieces.

Inventory:

Hand Weapons
 a - a +1 dagger (weapon)
Armour
 b - a +0 robe (worn)
Scrolls
 d - a scroll of immolation {unknown}
Potions
 c - 2 potions of invisibility


   Skills:
 + Level 0.0 Fighting
 - Level 1.1 Short Blades
 * Level 2.3 Dodging
 * Level 3.0 Stealth
 + Level 2.0 Spellcasting
 + Level 2.2 Hexes


You had 4 spell levels left.
You didn't know any spells.
Your spell library contained the following spells:

 Spells                   Type           Power      Damage    Failure   Level
 Ensorcelled Hibernation  Hex/Ice        8%         N/A       22%         2
 Confusing Touch          Hex            8%         N/A       26%         3
 Tukima's Dance           Hex            8%         N/A       26%         3
 Dazzling Flash           Conj/Hex       8%         N/A       38%         3


Dungeon Overview and Level Annotations

Branches:
Dungeon (1/15) Zot: 5961

Altars:


Innate Abilities, Weirdness & Mutations

You have a beak for a mouth.
You have claws for feet.


Message History

You peck the hobgoblin, but do no damage.
The ball python bites you. The ball python grabs you.
The ball python constricts you.
You closely miss the ball python. You claw the ball python.
The ball python is moderately wounded.
The hobgoblin hits you but does no damage.
The ball python barely misses you. The ball python constricts you.
You closely miss the ball python. Your peck misses the ball python.
The ball python is moderately wounded.
A goblin comes into view. It is wielding a +0 club.
The hobgoblin closely misses you. The ball python closely misses you.
The ball python constricts you.
You hit the ball python. You claw the ball python.
The ball python is severely wounded.
The hobgoblin hits you. The ball python misses you.
The ball python constricts you.
You are too injured to fight recklessly!
You are too injured to fight recklessly!
You hit the ball python.
You kill the ball python!
The hobgoblin barely misses you.
You hit the hobgoblin.
The hobgoblin is moderately wounded.
The hobgoblin completely misses you.
You completely miss the hobgoblin. You peck the hobgoblin.
The hobgoblin is heavily wounded.
The hobgoblin hits you but does no damage.
You closely miss the hobgoblin. Your peck misses the hobgoblin.
The hobgoblin is heavily wounded.
The hobgoblin misses you.
You hit the hobgoblin. You claw the hobgoblin.
You kill the hobgoblin!
You closely miss the goblin. Your kick misses the goblin.
The goblin hits you with a +0 club.
You barely miss the goblin. Your kick misses the goblin.
Your peck misses the goblin. The goblin closely misses you.
You hit the goblin.
The goblin is moderately wounded.
The goblin hits you with a +0 club.
You die...

.### ..# ##.#.### .....
#..##......# #.#.###
........... .......#
..........### #.#.#.#.##
............ ...#.#.....
.........$#.#.###.###(#.
......g...#......<......
....$..@..#.#.###.###.#.
................#.#.....
.....#....###.#.#.#.#.##
..## #####.##.........#
. #.####.#.#.###
#..###.....#
##...#.###.# ####.## ###
#.#


You could see a goblin.

Vanquished Creatures
  A ball python (D:1)
  A hobgoblin (D:1)
2 creatures vanquished.

Notes
Turn   | Place    | Note
-------+----------+-------------------------------------------
     0 | D:1      | protoss039 the Tengu Enchanter began the quest for the Orb.
     0 | D:1      | Reached XP level 1. HP: 10/10 MP: 4/4
    38 | D:1      | Slain by a goblin

Illustrated notes

Levels and vault maps discovered:
D:1:      roderic_chinese_lattice_arrival, layout_rooms,
          corexii_item_surrounded_by_moat, palyth_stone_intersect

Action                   || total
-------------------------++-------
Melee: Dagger            ||    12
       Kick              ||     3
       Peck              ||     2
Armor: Robe              ||     2
Dodge: Dodged            ||     9
